[Event "Asian Amateur-ch Women 2022"]
[Site "Muscat"]
[Date "2022.10.04"]
[Round "8.9"]
[White "Suchitraa Viswanathan"]
[Black "Fatima, Saif Al-Ali"]
[Result "0-1"]
[ECO "B14"]
[WhiteElo "1041"]
[BlackElo "1595"]
[Annotator "NA RC COMBH"]
[PlyCount "118"]
[EventDate "2022.09.29"]
[EventType "swiss"]
[EventCountry "OMN"]
[SourceTitle "playchess.com"]
[Source "ChessBase"]
[SourceQuality "1"]
[TimeControl "5400+30"]

1. e4 c6 2. d4 d5 3. exd5 cxd5 4. c4 Nf6 5. Nc3 e6 6. Nf3 Bb4 7. Bg5 dxc4 8. Bxf6 Qxf6 9. Bxc4 O-O 10. O-O Nc6 11. Ne4 Qd8 12. Qb3 Be7 13. Qe3 a6 14. Rad1 b5 15. Bb3 Qb6 16. Qf4 Bb7 17. Ng3 Rad8 18. Qg4 g6 19. h4 Bf6 20. d5 exd5 21. h5 Ne5 22. Nxe5 Bxe5 23. Rd2 Qf6 24. f4 Bxb2 25. Rfd1 Bc3 26. Rd3 d4 27. h6 Qc6 28. Nf5 Rfe8 29. Nh4 a5 30. a3 b4 31. axb4 axb4 32. Rg3 Ba6 33. f5 Qe4 34. Bxf7+ Kxf7 35. fxg6+ hxg6 36. Rf3+ Kg8 37. Rf4 Qe6 38. Qg5 Rd5 39. Qg3 Qe3+ 40. Qxe3 Rxe3 41. Nxg6 b3 42. Rh4 Rd7 43. Rf4 Rf7 44. Rxf7 Kxf7 45. h7 d3 46. h8=Q Bxh8 47. Nxh8+ Kg7 48. Kf2 Re2+ 49. Kf3 Kxh8 50. g4 b2 51. g5 Rc2 52. g6 Rc1 53. Rxc1 bxc1=Q 54. g7+ Kxg7 55. Ke4 Qc4+ 56. Ke3 Kf6 57. Kd2 Ke5 58. Kd1 Qc2+ 59. Ke1 Qe2# 0-1

[Event "Asian Amateur-ch Women 2022"]
[Site "Muscat"]
[Date "2022.10.05"]
[Round "9.1"]
[White "Amulya Guruprasad"]
[Black "Nadernia, Niki"]
[Result "0-1"]
[ECO "A46"]
[WhiteElo "1278"]
[BlackElo "1769"]
[Annotator "NA RC COMBH"]
[PlyCount "100"]
[EventDate "2022.09.29"]
[EventType "swiss"]
[EventCountry "OMN"]
[SourceTitle "playchess.com"]
[Source "ChessBase"]
[SourceQuality "1"]
[TimeControl "5400+30"]

1. d4 Nf6 2. Nf3 e6 3. Bf4 c5 4. e3 cxd4 5. exd4 d6 6. Bd3 Be7 7. h3 Nbd7 8. c3 O-O 9. Qc2 Re8 10. O-O b6 11. Nbd2 Bb7 12. Rae1 Nf8 13. Ng5 Rc8 14. Qb1 h6 15. Nge4 Nd5 16. Bg3 f5 17. Bb5 fxe4 18. Bxe8 Qxe8 19. Rxe4 Qg6 20. Qe1 Nf6 21. Rf4 Qf7 22. Ne4 Bxe4 23. Rxf6 Qxf6 24. Qxe4 Rd8 25. Re1 d5 26. Qg4 Qg5 27. Qe2 Bd6 28. h4 Qf6 29. Bxd6 Rxd6 30. Qa6 Rd7 31. g3 Rf7 32. Qe2 Qf5 33. Kg2 Re7 34. f3 Ng6 35. Qd2 e5 36. dxe5 Rxe5 37. Rxe5 Qxe5 38. Kf2 Ne7 39. Qd3 Nf5 40. f4 Qe6 41. b3 Nd6 42. Kf3 Qe4+ 43. Qxe4 dxe4+ 44. Ke3 Kf7 45. g4 Ke6 46. c4 h5 47. gxh5 Kf5 48. a4 a5 49. h6 gxh6 50. h5 Nb7 0-1

[Event "Asian Amateur-ch Women 2022"]
[Site "Muscat"]
[Date "2022.10.05"]
[Round "9.2"]
[White "Rouda Essa, Alserkal"]
[Black "Sawan, Eman"]
[Result "1-0"]
[ECO "B87"]
[WhiteElo "1893"]
[BlackElo "1840"]
[Annotator "NA RC COMBH"]
[PlyCount "49"]
[EventDate "2022.09.29"]
[EventType "swiss"]
[EventCountry "OMN"]
[SourceTitle "playchess.com"]
[Source "ChessBase"]
[SourceQuality "1"]
[TimeControl "5400+30"]

1. e4 c5 2. Nf3 d6 3. d4 cxd4 4. Nxd4 Nf6 5. Nc3 a6 6. Bc4 e6 7. Bb3 b5 8. Bg5 Be7 9. Qf3 Qc7 10. O-O-O O-O 11. e5 $1 Bb7 12. exf6 gxf6 $2 (12... Bxf3 $16 {is tougher.} 13. fxe7 Re8 14. gxf3 (14. Nxf3 b4 $11) 14... h6) 13. Qg4 fxg5 14. h4 d5 15. hxg5 Qe5 16. f4 Qg7 {[%emt 0:00:42] [#]} 17. Nxd5 $1 Bxd5 18. Bxd5 Ra7 19. Bb3 Rd8 (19... Bf6 $142 20. Nxe6 Bxb2+ 21. Kb1 fxe6) 20. c3 b4 21. Bc2 bxc3 22. Rxh7 ({Not} 22. Bxh7+ Kf8 23. bxc3 Nc6 $14) 22... cxb2+ 23. Kb1 Qxh7 24. Bxh7+ Kxh7 25. Qh5+ 1-0

[Event "Asian Amateur-ch Women 2022"]
[Site "Muscat"]
[Date "2022.10.05"]
[Round "9.3"]
[White "Al Mansouri, Moza"]
[Black "Wijesuriya, G P Y"]
[Result "0-1"]
[ECO "C79"]
[WhiteElo "1610"]
[BlackElo "1564"]
[Annotator "NA RC COMBH"]
[PlyCount "102"]
[EventDate "2022.09.29"]
[EventType "swiss"]
[EventCountry "OMN"]
[SourceTitle "playchess.com"]
[Source "ChessBase"]
[SourceQuality "1"]
[TimeControl "5400+30"]

1. e4 e5 2. Nf3 Nc6 3. Bb5 a6 4. Ba4 d6 5. d4 Bd7 6. c3 g6 7. O-O Bg7 8. Re1 Nf6 9. Nbd2 O-O 10. d5 Ne7 11. Bc2 Nh5 12. Nf1 f5 13. Ng3 f4 14. Nxh5 gxh5 15. Bd3 Ng6 16. Bf1 h6 17. h3 Kh7 18. g3 Qf6 19. Bg2 Rf7 20. Rf1 Raf8 21. b3 Qd8 22. Nh2 Qc8 23. Qxh5 c6 24. Nf3 Rf6 25. g4 Be8 26. g5 Nh8 27. Qg4 Bd7 28. Qh4 Rg6 29. gxh6 Bf6 30. Qh5 Bxh3 31. Ne1 Rfg8 32. Qf3 Bxg2 33. Nxg2 Qg4 34. Qxg4 Rxg4 35. Rd1 Rxg2+ 36. Kf1 Rg1+ 37. Ke2 f3+ 38. Kd2 Rxd1+ 39. Kxd1 Rg1+ 40. Kc2 Nf7 41. dxc6 bxc6 42. a4 Bg5 43. Bxg5 Rxa1 44. Bc1 Ra2+ 45. Bb2 Rxb2+ 46. Kxb2 Kxh6 47. b4 Kg5 48. c4 Kf4 49. b5 cxb5 50. cxb5 axb5 51. a5 Nd8 0-1

[Event "Asian Amateur-ch Women 2022"]
[Site "Muscat"]
[Date "2022.10.05"]
[Round "9.4"]
[White "Shybi Binoj"]
[Black "Al-Khelaifi, Salama"]
[Result "0-1"]
[ECO "B13"]
[WhiteElo "1402"]
[BlackElo "1798"]
[Annotator "NA RC COMBH"]
[PlyCount "154"]
[EventDate "2022.09.29"]
[EventType "swiss"]
[EventCountry "OMN"]
[SourceTitle "playchess.com"]
[Source "ChessBase"]
[SourceQuality "1"]
[TimeControl "5400+30"]

1. e4 c6 2. d4 d5 3. exd5 cxd5 4. Nc3 Nf6 5. h3 Bf5 6. Bf4 a6 7. Bd3 Bg6 8. Nf3 e6 9. O-O Bd6 10. Bg3 O-O 11. Bxg6 hxg6 12. Ne5 Nh5 13. Bh2 Qc7 14. Qg4 Nc6 15. Rfe1 Nf6 16. Qd1 Rfd8 17. a3 Rac8 18. Kh1 Qb6 19. Nxc6 Rxc6 20. Bxd6 Rdxd6 21. Rb1 Rc4 22. Ne2 Rdc6 23. c3 Rc8 24. f3 Qd6 25. Qd2 Nh5 26. Qg5 b5 27. Nc1 Nf6 28. Nd3 Nd7 29. h4 a5 30. h5 gxh5 31. Qxh5 Qg3 32. Ne5 Nxe5 33. Rxe5 b4 34. Rg5 Qd6 35. Qh4 g6 36. Rg3 Qf8 37. cxb4 axb4 38. Re1 Qg7 39. Rg4 bxa3 40. bxa3 Ra4 41. Ra1 Qh7 42. Qxh7+ Kxh7 43. Kg1 Rc3 44. Rb1 Rcxa3 45. Rb7 Ra7 46. Rb8 R3a4 47. Rh4+ Kg7 48. Rbh8 Rc4 49. Kf2 Ra2+ 50. Kg3 Raa4 51. R8h7+ Kg8 52. Rh8+ Kg7 53. R8h7+ Kf8 54. Rf4 Ra7 55. Kg4 Kg8 56. Rh4 Ra2 57. g3 Rg2 58. Kg5 Rxg3+ 59. Kf6 Rc3 60. Rhg4 Rcxf3 61. Ke7 Rxg4 62. Rxf3 Rxd4 63. Rxf7 Re4 64. Rf6 Kg7 65. Rf7+ Kh6 66. Rf6 Kg5 67. Rf1 Rf4 68. Rg1+ Kf5 69. Kd6 g5 70. Re1 Re4 71. Rf1+ Kg6 72. Rf8 g4 73. Rg8+ Kh5 74. Rh8+ Kg5 75. Rg8+ Kf4 76. Rf8+ Kg3 77. Rg8 d4 0-1

[Event "Asian Amateur-ch Women 2022"]
[Site "Muscat"]
[Date "2022.10.05"]
[Round "9.5"]
[White "Fatima, Saif Al-Ali"]
[Black "Al Kalbani, Wadima"]
[Result "0-1"]
[ECO "C77"]
[WhiteElo "1595"]
[BlackElo "1554"]
[Annotator "NA RC COMBH"]
[PlyCount "58"]
[EventDate "2022.09.29"]
[EventType "swiss"]
[EventCountry "OMN"]
[SourceTitle "playchess.com"]
[Source "ChessBase"]
[SourceQuality "1"]
[TimeControl "5400+30"]

1. e4 e5 2. Nf3 Nc6 3. Bb5 a6 4. Ba4 Nf6 5. d3 d6 6. c3 Bd7 7. Nbd2 g6 8. d4 exd4 9. cxd4 Bg7 10. O-O O-O 11. Re1 Re8 12. a3 b5 13. Bb3 Na5 14. Ba2 c5 15. b4 cxb4 16. axb4 Nc6 17. Qb3 Qe7 18. Bb2 h6 19. e5 dxe5 20. Nxe5 Nxe5 21. Rxe5 Be6 22. Qa3 Ng4 23. Re2 Qd6 24. Nf3 Bxa2 25. Rxe8+ Rxe8 26. Rxa2 Bxd4 27. Bxd4 Qxd4 28. h3 Qd1+ 29. Ne1 Qxe1# 0-1

[Event "Asian Amateur-ch Women 2022"]
[Site "Muscat"]
[Date "2022.10.05"]
[Round "9.7"]
[White "Aditi Arun"]
[Black "Anoud Eisa Bashkardi"]
[Result "1-0"]
[ECO "A45"]
[WhiteElo "1160"]
[BlackElo "1277"]
[Annotator "NA RC COMBH"]
[PlyCount "83"]
[EventDate "2022.09.29"]
[EventType "swiss"]
[EventCountry "OMN"]
[SourceTitle "playchess.com"]
[Source "ChessBase"]
[SourceQuality "1"]
[TimeControl "5400+30"]

1. d4 Nf6 2. Bf4 c5 3. e3 Nd5 4. Bg3 Qb6 5. b3 cxd4 6. exd4 g6 7. c4 Nf6 8. Nc3 Bg7 9. Bf4 d6 10. Nf3 Bg4 11. Be2 Nc6 12. d5 Bxf3 13. Bxf3 Nd4 14. O-O Nxf3+ 15. Qxf3 O-O 16. Rac1 a6 17. Rfe1 Rfe8 18. Re2 Nd7 19. Na4 Qa5 20. Bd2 Qc7 21. Qe3 Rac8 22. Bc3 b5 23. Bxg7 Kxg7 24. Nb2 bxc4 25. Rec2 Qa5 26. Qd4+ Nf6 27. Nxc4 Qxd5 28. Qxd5 Nxd5 29. Nxd6 Rxc2 30. Nxe8+ Kf8 31. Rxc2 Kxe8 32. Rc6 Nb4 33. Rb6 Nxa2 34. Rxa6 Nb4 35. Ra4 Nc6 36. b4 Kd7 37. b5 Nd8 38. Ra7+ Kd6 39. f3 Kc5 40. Rxe7 Kxb5 41. Rd7 Ne6 42. Rxf7 1-0

[Event "Asian Amateur-ch Women 2022"]
[Site "Muscat"]
[Date "2022.10.05"]
[Round "9.9"]
[White "Al-Khelaifi, Aisha"]
[Black "Amal Fadel S M Alshamsi"]
[Result "0-1"]
[ECO "B22"]
[WhiteElo "1678"]
[BlackElo "1404"]
[Annotator "NA COMBH"]
[PlyCount "82"]
[EventDate "2022.09.29"]
[EventType "swiss"]
[EventCountry "OMN"]
[SourceTitle "playchess.com"]
[Source "ChessBase"]
[SourceQuality "1"]
[TimeControl "5400+30"]

1. e4 e6 2. d4 d5 3. exd5 exd5 4. Bd3 Nf6 5. Nf3 c5 6. c3 c4 7. Bc2 Bd6 8. O-O O-O 9. Bg5 Bg4 10. Nbd2 Nbd7 11. Re1 Qc7 12. h3 Bh5 13. Bf5 h6 14. Bxf6 Nxf6 15. g4 Bg6 16. Nh4 Bxf5 17. Nxf5 Rfe8 18. Qf3 Bf4 19. Nf1 Ne4 20. N1e3 Bxe3 21. Rxe3 Qb6 22. Re2 Ng5 23. Rxe8+ Rxe8 24. Qxd5 Nxh3+ 25. Kh2 Nxf2 26. Kg3 Qxb2 27. Rf1 Ne4+ 28. Kh3 Ng5+ 29. Kg3 Qxc3+ 30. Kh2 Qh3+ 31. Kg1 Qxg4+ 32. Kh1 Qh5+ 33. Kg1 Nh3+ 34. Kg2 Qe2+ 35. Kg3 Qxf1 36. Ne7+ Kf8 37. Qd6 Qd3+ 38. Kg2 Rxe7 39. Qd8+ Re8 40. Qd6+ Kg8 41. Qd7 Re2+ 0-1